 Dungeon Sprint DCSS version 0.31-a0-590-g8a5a4361df (webtiles) character file.

Game seed: 12511756513582280593

19826 sircluck the Wrestler (level 12, 0/199 HPs)
             Began as a Troll Berserker on Aug 20, 2023.
             Was a Priest of Trog.
             Slain by the 26-headed Lernaean hydra (3 damage)
             ... in the Dungeon (Sprint I: "Red Sonja").
             The game lasted 00:17:20 (1936 turns).

sircluck the Wrestler (Troll Berserker)             Turns: 1936, Time: 00:17:21

Health: 0/199      AC: 10    Str: 40    XL:     12   Next: 40%
Magic:  11/11      EV: 13    Int:  3    God:    Trog [***...]
Gold:   2620       SH:  0    Dex:  9    Spells: 11/11 levels left

rFire   . .          .
                       - Unarmed
rCold   . . .        (no shield)
rNeg    . . .        k - +1 robe of the Distant Future {rCorr Str+2 Archmagi}
rPois   .            t - +1 hat
rElec   .            (no cloak)
rCorr   +            (gloves unavailable)
SInv    .            (boots unavailable)
Will    ++...        w - amulet of faith Stlth
                     s - +4 ring of protection
HPRegen 2.33/turn    r - +6 ring of strength
MPRegen 0.12/turn

%: no teleportation, faith, archmagi
@: berserking, strong-willed, regenerating, very quick
A: large, unfitting armour, claws 3, regeneration 1, shaggy fur 1, tough skin 1,
horns 1
a: Renounce Religion, Berserk, Trog's Hand


You were in the Dungeon.
You worshipped Trog.
Trog was most pleased with you.
You visited 1 branch You collected 4315 gold pieces.
You spent 1695 gold pieces at shops.

Inventory:

Hand Weapons
 n - the +9 quarterstaff of the Skies Above {elec, +Blink rN+}
   (You found it in the Dungeon)

   rN+:       It protects you from negative energy.
   +Blink:    It lets you blink.
 o - the +8 whip "Snakebite" {venom, curare, rPois}
   (You found it in the Dungeon)

   rPois:     It protects you from poison
Missiles
 i - 39 stones
 j - a curare-tipped dart (quivered)
Armour
 a - a +0 animal skin
 k - the +1 robe of the Distant Future (worn) {rCorr Str+2 Archmagi}
   (You bought it in a shop in the Dungeon)

   Str+2:     It affects your strength (+2).
   rCorr:     It protects you from acid and corrosion.
   Archmagi:  It increases the power of your magical spells.
 t - a +1 hat (worn)
Jewellery
 r - a +6 ring of strength (right claw)
 s - a +4 ring of protection (left claw)
 u - a ring of resist corrosion
 w - an amulet of faith (around neck)
Wands
 h - a wand of paralysis (10)
Scrolls
 g - a scroll of enchant weapon {unknown}
 l - 2 scrolls of identify {unknown}
 v - a scroll of enchant armour {unknown}
Potions
 b - 2 potions of curing
 d - a potion of haste
 e - 2 potions of magic
 f - a potion of berserk rage
 m - 2 potions of lignification {unknown}


   Skills:
 + Level 12.9 Fighting
 + Level 0.4 Throwing
 + Level 13.8 Dodging
 + Level 1.8 Stealth
 + Level 23.4 Unarmed Combat
 + Level 0.5 Evocations


You had 11 spell levels left.
You didn't know any spells.
Your spell library was empty.

Dungeon Overview and Level Annotations

Branches:
Dungeon (1/1)

Altars:
Cheibriados
Dithmenos
Elyvilon
Fedhas
Gozag
Hepliaklqana
Kikubaaqudgha
Makhleb
Nemelex Xobeh
Okawaru
Qazlal
Ru
Sif Muna
Trog
Uskayaw
Vehumet
Wu Jian
Xom
Yredelemnul
Zin
The Shining One
Jiyva
Lugonu

Shops:
D (*[[?=(*![**![*((=[[=[

Annotations:
D exclusion: oklob plant, Lernaean hydra


Innate Abilities, Weirdness & Mutations

You are too large for most types of armour.
You have claws for hands.
Your natural rate of healing is unusually fast.
You are covered in fur. (AC +1)
You have tough skin. (AC +1)
You have a pair of small horns on your head.


Message History

The 26-headed Lernaean hydra completely misses you.
The 26-headed Lernaean hydra bites you!
The 26-headed Lernaean hydra bites you but does no damage.
The 26-headed Lernaean hydra bites you. The 26-headed Lernaean hydra bites you!
* * * LOW HITPOINT WARNING * * *
The 26-headed Lernaean hydra bites you but does no damage.
The 26-headed Lernaean hydra bites you!
* * * LOW HITPOINT WARNING * * *
The 26-headed Lernaean hydra bites you.
* * * LOW HITPOINT WARNING * * *
The 26-headed Lernaean hydra closely misses you.
The 26-headed Lernaean hydra bites you but does no damage.
You claw one of the 26-headed Lernaean hydra's heads off!
The 25-headed Lernaean hydra grows two more!
You mangle the 27-headed Lernaean hydra!!
The 27-headed Lernaean hydra is severely wounded.
Unknown command.
Unknown command.
You tear one of the 27-headed Lernaean hydra's heads off!
You claw the 26-headed Lernaean hydra!
Your headbutt misses the 26-headed Lernaean hydra.
The 26-headed Lernaean hydra is severely wounded.
The 26-headed Lernaean hydra bites you but does no damage. x4
The 26-headed Lernaean hydra barely misses you.
The 26-headed Lernaean hydra bites you.
* * * LOW HITPOINT WARNING * * *
The 26-headed Lernaean hydra bites you.
* * * LOW HITPOINT WARNING * * *
The 26-headed Lernaean hydra bites you!
* * * LOW HITPOINT WARNING * * *
The 26-headed Lernaean hydra closely misses you.
The 26-headed Lernaean hydra bites you but does no damage.
The 26-headed Lernaean hydra bites you!
* * * LOW HITPOINT WARNING * * *
The 26-headed Lernaean hydra closely misses you.
The 26-headed Lernaean hydra bites you!
* * * LOW HITPOINT WARNING * * *
The 26-headed Lernaean hydra bites you but does no damage.
The 26-headed Lernaean hydra bites you.
You die...

###..##
###..≈#§...§.§§§§#
####.○###
#P≈..##§...§.....##
#°.#:°#.###
#M≈..#.§.§..[.....#
#.°..°....#
###b.#§..§.|......#
#.........#
+.b##..........##
'..°°..####
##'##..........#
##...###
#~b~##........##
#####
#~~§~##..[...##
#~@D9~########
##~~~~# #'~~~'~~.
$##~~#~~~ $ #####'
$$ ##


You could see the 26-headed Lernaean hydra (ally target) and a gargoyle.

Vanquished Creatures
  A golden dragon (D)
  A shadow dragon (D)
  A lorocyproca (D)
  A hydra (D)
  2 centaur warriors (D)
  A demonic crawler (D)
  Sonja (D)
  A deep troll (D)
  A lindwurm (D)
  An oklob plant (D)
  A merfolk siren (D)
  A gargoyle (D)
  2 unseen horrors (D)
  2 kobold demonologists (D)
  A hellwing (D)
  2 hornets (D)
  A meliai (D)
  A slime creature (D)
  Sigmund (D)
  13 hogs (D)
  A yak (D)
  2 redbacks (D)
  3 floating eyes (D)
  An ogre (D)
  7 necrophages (D)
  8 jellies (D)
  Ijyb (D)
59 creatures vanquished.

Vanquished Creatures (collateral kills)
  3 demonic crawlers (D)
  8 shining eyes (D)
  A merfolk siren (D)
  2 hornets (D)
  4 floating eyes (D)
18 creatures vanquished.

Vanquished Creatures (others)
  A deep elf annihilator (D)
  2 ballistomycete spores (D)
3 creatures vanquished.

Grand Total: 80 creatures vanquished

Notes
Turn   | Place    | Note
-------+----------+-------------------------------------------
     0 | D        | sircluck the Troll Berserker began the quest for the Orb.
     0 | D        | Reached XP level 1. HP: 22/22 MP: 0/0
     1 | D        | Noticed Ijyb
    10 | D        | Paralysed by Ijyb for 3 turns
    15 | D        | Killed Ijyb
    16 | D        | Reached skill level 4 in Unarmed Combat
    16 | D        | Reached XP level 2. HP: 21/31 MP: 1/1
    27 | D        | Noticed an ogre
    31 | D        | Killed an ogre
    32 | D        | Reached skill level 5 in Dodging
    32 | D        | Reached skill level 6 in Unarmed Combat
    32 | D        | Reached XP level 3. HP: 41/41 MP: 2/2
    32 | D        | Reached XP level 4. HP: 49/49 MP: 3/3
    67 | D        | Noticed Sigmund
    74 | D        | Killed Sigmund
    74 | D        | Reached ** piety under Trog
    75 | D        | Reached skill level 8 in Unarmed Combat
    75 | D        | Reached XP level 5. HP: 47/59 MP: 4/4
    75 | D        | Reached XP level 6. HP: 54/67 MP: 5/5
    98 | D        | Found an ornate altar of the Wu Jian Council.
    98 | D        | Found a shimmering blue altar of Sif Muna.
   100 | D        | Found a radiant altar of Vehumet.
   134 | D        | Found Uzoudamate's Armour Emporium.
   134 | D        | Found an ancient bone altar of Kikubaaqudgha.
   134 | D        | Found a hazy altar of Hepliaklqana.
   134 | D        | Found a hide-covered altar of Uskayaw.
   134 | D        | Found a basalt altar of Yredelemnul.
   134 | D        | Found an opulent altar of Gozag.
   134 | D        | Found a snail-covered altar of Cheibriados.
   134 | D        | Found a sacrificial altar of Ru.
   134 | D        | Found a shadowy altar of Dithmenos.
   134 | D        | Noticed a yak
   137 | D        | Killed a yak
   138 | D        | Reached skill level 9 in Unarmed Combat
   138 | D        | Found a stormy altar of Qazlal.
   138 | D        | Found a blossoming altar of Fedhas.
   138 | D        | Found a bloodstained altar of Trog.
   138 | D        | Found an iron altar of Okawaru.
   138 | D        | Found a glowing golden altar of the Shining One.
   138 | D        | Found a glowing silver altar of Zin.
   138 | D        | Found a white marble altar of Elyvilon.
   140 | D        | Found a sparkling altar of Nemelex Xobeh.
   155 | D        | Found a burning altar of Makhleb.
   155 | D        | Found a viscous altar of Jiyva.
   155 | D        | Found a shimmering altar of Xom.
   155 | D        | Found a corrupted altar of Lugonu.
   155 | D        | Noticed a slime creature
   161 | D        | Killed a slime creature
   161 | D        | Reached *** piety under Trog
   162 | D        | Reached skill level 10 in Unarmed Combat
   162 | D        | Reached XP level 7. HP: 69/78 MP: 6/6
   175 | D        | Noticed a kobold demonologist
   175 | D        | Noticed a kobold demonologist
   184 | D        | Killed a kobold demonologist
   185 | D        | Reached skill level 11 in Unarmed Combat
   187 | D        | Killed a kobold demonologist
   187 | D        | Reached **** piety under Trog
   188 | D        | Reached XP level 8. HP: 87/89 MP: 7/7
   204 | D        | Noticed Sonja
   209 | D        | Killed Sonja
   210 | D        | Reached skill level 13 in Unarmed Combat
   236 | D        | Bought the +1 robe of the Distant Future {rCorr Str+2
                  | Archmagi} for 401 gold pieces
   296 | D        | Noticed a deep troll
   301 | D        | Killed a deep troll
   302 | D        | Reached skill level 10 in Dodging
   302 | D        | Reached XP level 9. HP: 100/100 MP: 8/8
   311 | D        | Found Viqefink's Armour Emporium.
   348 | D        | Noticed a centaur warrior
   348 | D        | Noticed a centaur warrior
   356 | D        | Killed a centaur warrior
   357 | D        | Reached skill level 14 in Unarmed Combat
   358 | D        | Killed a centaur warrior
   359 | D        | Reached skill level 10 in Fighting
   359 | D        | Reached skill level 15 in Unarmed Combat
   444 | D        | Noticed an oklob plant
   453 | D        | Killed an oklob plant
   454 | D        | Reached XP level 10. HP: 108/111 MP: 9/9
   467 | D        | Reached skill level 16 in Unarmed Combat
   533 | D        | Found Heomp's Antique Weapon Boutique.
   586 | D        | Reached ***** piety under Trog
   636 | D        | Found the +8 whip "Snakebite" {venom, curare, rPois}
   648 | D        | Received a gift from Trog
   672 | D        | Paralysed by a floating eye for 3 turns
   681 | D        | Reached ****** piety under Trog
   685 | D        | Received a gift from Trog
   691 | D        | Reached skill level 17 in Unarmed Combat
   702 | D        | Identified the +9 quarterstaff of the Skies Above {elec,
                  | +Blink rN+}
   703 | D        | Identified the +1 war axe "Kavviq" {heavy, Fragile rCorr
                  | Int-5 Stlth+}
   715 | D        | Found Rall's General Store.
   715 | D        | Found Cuet's Weapon Shop.
   715 | D        | Found Teptopucs's Distillery.
   717 | D        | Found Taepluyt's Antique Armour Emporium.
   717 | D        | Found Opsesiry's General Store.
   717 | D        | Found Innyule's General Store.
   717 | D        | Found Qicug's Distillery.
   717 | D        | Found Extaom's Armour Emporium.
   717 | D        | Found Mugam's Assorted Antiques.
   717 | D        | Found Gylewuch's Weapon Shoppe.
   721 | D        | Found Puumesot's Antique Weapon Boutique.
   722 | D        | Found Yloa's Armour Emporium.
   722 | D        | Found Xiuzups's Jewellery Boutique.
   723 | D        | Bought a wand of digging (2) for 117 gold pieces
   723 | D        | Bought a scroll of blinking for 105 gold pieces
   723 | D        | Found Orazea's Jewellery Emporium.
   724 | D        | Bought a scroll of butterflies for 40 gold pieces
   733 | D        | Bought a +6 ring of strength for 432 gold pieces
   733 | D        | Bought a +4 ring of protection for 432 gold pieces
   782 | D        | Noticed a shining eye
   782 | D        | Noticed a shining eye
   782 | D        | Noticed a shining eye
   782 | D        | Gained mutation: You have a pair of small horns on your
                  | head. [a shining eye]
   785 | D        | Paralysed by a floating eye for 2 turns
   787 | D        | Killed a shining eye
   790 | D        | Killed a shining eye
   790 | D        | Received a gift from Trog
   791 | D        | Noticed a shining eye
   791 | D        | Killed a shining eye
   792 | D        | Reached skill level 18 in Unarmed Combat
   793 | D        | Killed a shining eye
   796 | D        | Noticed a shining eye
   796 | D        | Killed a shining eye
   796 | D        | Paralysed by a floating eye for 4 turns
   797 | D        | Reached XP level 11. HP: 120/120 MP: 10/10
   797 | D        | Noticed a shining eye
   801 | D        | Killed a shining eye
   802 | D        | Reached skill level 19 in Unarmed Combat
   802 | D        | Noticed a shining eye
   804 | D        | Noticed a shining eye
   805 | D        | Killed a shining eye
   805 | D        | Received a gift from Trog
   807 | D        | Killed a shining eye
   819 | D        | Found Nemn's Magic Scroll Shop.
   819 | D        | Found Buesor's Assorted Antiques.
   819 | D        | Found Naujaecw's Jewellery Boutique.
   819 | D        | Found Gestrat's Antique Armour Emporium.
   844 | D        | Bought an embroidered hat for 168 gold pieces
   884 | D        | Noticed a demonic crawler
   884 | D        | Noticed a demonic crawler
   884 | D        | Noticed a demonic crawler
   884 | D        | Noticed a demonic crawler
   886 | D        | Killed a demonic crawler
   889 | D        | Killed a demonic crawler
   890 | D        | Reached skill level 20 in Unarmed Combat
   893 | D        | Killed a demonic crawler
   893 | D        | Killed a demonic crawler
   894 | D        | Reached skill level 1 in Stealth
  1018 | D        | Killed a lorocyproca
  1019 | D        | Reached skill level 21 in Unarmed Combat
  1215 | D        | Identified the +5 chain mail of the Beloved God {rPois rC+
                  | Regen+}
  1252 | D        | Noticed a lindwurm
  1258 | D        | Killed a lindwurm
  1258 | D        | Received a gift from Trog
  1290 | D        | Received a gift from Trog
  1348 | D        | Noticed a 12-headed hydra
  1353 | D        | Killed a 15-headed hydra
  1354 | D        | Reached skill level 22 in Unarmed Combat
  1354 | D        | Reached XP level 12. HP: 93/133 MP: 11/11
  1659 | D        | Found the +10 Black Knight's barding {ponderous, rPois rN+}
  1659 | D        | Noticed a shadow dragon
  1659 | D        | Noticed a golden dragon
  1664 | D        | Killed a shadow dragon
  1669 | D        | Killed a golden dragon
  1670 | D        | Reached skill level 23 in Unarmed Combat
  1745 | D        | Found Hinalas's Antique Armour Shoppe.
  1786 | D        | Noticed a deep elf annihilator
  1795 | D        | Received a gift from Trog
  1807 | D        | Noticed a mummy priest
  1812 | D        | Received a gift from Trog
  1814 | D        | Killed a deep elf annihilator
  1924 | D        | Noticed the 27-headed Lernaean hydra
  1936 | D        | HP: 3/199 [the 26-headed Lernaean hydra (10)]
  1936 | D        | Slain by the 26-headed Lernaean hydra

Illustrated notes

Levels and vault maps discovered:
D:        dungeon_sprint_1 [red_sonja_temple_1, red_sonja_temple_small_1]

Skill      XL: |  1  2  3  4  5  6  7  8  9 10 11 12 |
---------------+-------------------------------------+-----
Fighting       | 3 4 6 7 8 9 10 11 12 | 12.9
Dodging        | 3 5 6 8 9 10 11 12 13 | 13.8
Unarmed Combat | 4 6 8 10 11 13 15 18 22 23 | 23.4
Stealth        | 1 |  1.8
Throwing       | |  0.4
Evocations     | |  0.5

Action                     |  1- 3 |  4- 6 |  7- 9 | 10-12 || total
---------------------------+-------+-------+-------+-------++-------
  Melee: Unarmed           |    13 |    15 |    32 |   110 ||   170
         Punch             |     1 |     1 |     3 |    12 ||    17
         Headbutt          |       |       |       |    14 ||    14
  Throw: Dart              |       |       |       |     1 ||     1
 Invoke: Berserk           |     1 |       |     3 |     5 ||     9
         Brothers in Arms  |       |       |     1 |    10 ||    11
         Trog's Hand       |       |       |       |     1 ||     1
  Evoke: Wand              |       |       |       |     2 ||     2
    Use: Scroll            |       |       |       |     3 ||     3
         Potion            |       |       |       |     2 ||     2
 Armour: Animal skin       |     2 |       |     3 |       ||     5
         Robe              |       |       |     4 |    84 ||    88
  Dodge: Dodged            |     2 |     2 |    20 |    46 ||    70

Table legend: (Time is in decaauts)
 A = Elapsed time spent in this place.
 B = Non-inter-level travel time spent in this place.
 C = Inter-level travel time spent in this place.
 D = Time resting spent in this place.
 E = Time spent auto-exploring this place.
 F = Levels seen in this place.
 G = Mean time per level.
                   A        B        C        D        E       F      G
               +--------+--------+--------+--------+--------+-----+--------+
         Total |   1965 |   1817 |    148 |    662 |    109 |   1 | 1965.0 |
       Dungeon |   1965 |   1817 |    148 |    662 |    109 |   1 | 1965.0 |
               +--------+--------+--------+--------+--------+-----+--------+

Top non-repeatable levels by time:
       D: 1965 daAuts
